 Dungeon Crawl Stone Soup version 0.19.5 (webtiles) character file.

569 Gargoyl the Skirmisher (level 7, -2/60 HPs)
             Began as a Ghoul Abyssal Knight on Mar 27, 2017.
             Was a Believer of Lugonu.
             Killed by divine providence
             ... invoked by an orc priest
              (8 damage)
             ... on level 5 of the Dungeon.
             The game lasted 00:07:27 (3929 turns).

Gargoyl the Skirmisher (Ghoul Abyssal Knight)       Turns: 3929, Time: 00:07:28

Health: -2/60      AC: 10    Str: 16    XL:     7   Next: 33%
Magic:  17/17      EV: 12    Int:  7    God:    Lugonu [**....]
Gold:   249        SH:  0    Dex: 10    Spells: 0 memorised, 6 levels left

rFire  . . .     SeeInvis .     t - +0 war axe
rCold  + . .     Gourm    .     e - +0 chain mail
rNeg   + + +     Faith    .     (no shield)
rPois  ∞         Spirit   .     (no helmet)
rElec  .         Reflect  .     (no cloak)
rCorr  .         Harm     .     (no gloves)
MR     .....                    j - +0 pair of boots
Stlth  ..........               (no amulet)
                                q - ring of magical power
                                l - +5 ring of evasion

@: rotting
A: rotting body, claws 1, carnivore 3, cold resistance 1, negative energy
resistance 3, slow regeneration 1, torment resistance, unbreathing
a: Depart the Abyss, Bend Space, Renounce Religion


You were on level 5 of the Dungeon.
You worshipped Lugonu.
Lugonu was pleased with you.
You were not hungry.

You visited 1 branch of the dungeon, and saw 5 of its levels.
You visited the Abyss 1 time.

You collected 249 gold pieces.

Inventory:

Hand Weapons
 a - a +2 hand axe
 t - a +0 war axe (weapon)
Armour
 e - a +0 chain mail (worn)
 j - a +0 pair of boots (worn)
Jewellery
 l - a +5 ring of evasion (left claw)
 q - a ring of magical power (right claw)
Wands
 y - a wand of disintegration (3/24)
Scrolls
 b - 5 scrolls of remove curse
 d - 2 scrolls of fog
 h - 2 scrolls of recharging
 r - a scroll of identify
 v - a scroll of teleportation
 w - a scroll of fear
Potions
 f - 2 potions of brilliance
 g - a potion of might {unknown}
 i - 4 potions of flight {unknown}
 k - a potion of ambrosia {unknown}
 m - a potion of haste {unknown}
 o - a potion of invisibility {unknown}
 p - a potion of lignification
 s - a potion of degeneration {unknown}
Comestibles
 c - 4 meat rations
 n - a royal jelly
 u - a beef jerky
 x - 2 chunks of flesh


   Skills:
 + Level 4.6 Fighting
 + Level 4.4 Axes
 * Level 4.4 Armour
 + Level 1.0 Dodging
 * Level 3.5 Invocations


You had 6 spell levels left.
You didn't know any spells.

Dungeon Overview and Level Annotations

Branches:
Dungeon (5/15)
 Temple: D:4-7

Altars:
Ashenzari
Uskayaw


Innate Abilities, Weirdness & Mutations

Your body is rotting away.
You thrive on raw meat.
You are immune to poison.
You have sharp fingernails.
You are carnivorous and can eat meat at any time.
Your flesh is cold resistant. (rC+)
You are immune to negative energy. (rN+++)
You regenerate slowly when monsters are visible.
You are immune to unholy pain and torment.
You can survive without breathing.


Message History

The orc priest is heavily wounded.
The orc priest hits you but does no damage.
An orc comes into view. It is wielding a hand axe.
You hit the orc priest.
The orc priest is severely wounded.
The orc priest barely misses you.
Your chain mail prevents you from hitting the orc warrior.
You closely miss the orc warrior.
The orc warrior hits you but does no damage.
You hit the orc warrior but do no damage.
The orc warrior hits you with an enchanted scimitar!
You barely miss the orc warrior.
The orc warrior hits you with an enchanted scimitar!
You hit the orc warrior.
The orc warrior is lightly wounded.
The orc warrior hits you with an enchanted scimitar!!
* * * LOW HITPOINT WARNING * * *
The orc priest calls down the wrath of Beogh upon you.
Beogh smites you!
You die...

.# #.##...######.##.#
#.### .# #.###..#
####.##.# #....
####.###..###.......#
#####
#...........##.####
##.###..######.# ###
#.........####
#.##....^....#
#.##.#######.# #.##
##oo@##.# #.#
#o###.#.### ..
#.....# #.#.#.#
..##.#.# ### #.#.#
..#.# #. ###.# .. ..


You could see an orc warrior, an orc priest and an orc.

Vanquished Creatures
  The ghost of smzp the Chiller, an amateur VSIE (D:3)
  Blork the orc (D:4)
  A scorpion (D:5)
  3 hounds
  A gnoll shaman (D:4)
  A worker ant (D:4)
  An orc wizard (D:3)
  6 adders
  6 gnolls
  A shadow imp (D:4)
  An ooze (D:1)
  A worm (D:4)
  A dart slug (D:1)
  6 orcs (D:3)
  4 giant cockroaches
  4 goblins
  11 hobgoblins
  2 jackals (D:4)
  A quokka (D:4)
  A ball python (D:5)
  4 bats
  4 frilled lizards
  4 kobolds
  10 rats
76 creatures vanquished.

Notes
Turn   | Place    | Note
-------+----------+-------------------------------------------
     0 | Abyss:1  | Gargoyl the Ghoul Abyssal Knight began the quest for the Orb.
     0 | Abyss:1  | Reached XP level 1. HP: 19/19 MP: 1/1
    54 | Abyss:1  | Noticed an ancient zyme
    55 | Abyss:1  | Noticed a bone dragon
    93 | Abyss:2  | Noticed a shining eye
    93 | D:1      | Escaped the Abyss
   173 | D:1      | Reached * piety under Lugonu
   326 | D:1      | Reached XP level 2. HP: 26/26 MP: 2/2
   640 | D:1      | Reached XP level 3. HP: 33/33 MP: 3/3
   968 | D:2      | Found a hide-covered altar of Uskayaw.
  1480 | D:2      | Reached XP level 4. HP: 37/40 MP: 4/4
  1654 | D:3      | Reached ** piety under Lugonu
  1681 | D:3      | Reached XP level 5. HP: 28/46 MP: 5/5
  1996 | D:3      | Noticed smzp's ghost (amateur VSIE)
  2019 | D:3      | Killed smzp's ghost
  2019 | D:3      | Reached XP level 6. HP: 23/53 MP: 7/7
  2622 | D:4      | Noticed Blork the orc
  2633 | D:4      | Killed Blork the orc
  2941 | D:4      | Reached XP level 7. HP: 34/60 MP: 8/8
  3608 | D:5      | Entered Level 5 of the Dungeon
  3778 | D:5      | Reached skill level 1 in Dodging
  3781 | D:5      | Found a shattered altar of Ashenzari.
  3929 | D:5      | Killed from afar by an orc priest

Skill      XL: |  1  2  3  4  5  6  7 |
---------------+----------------------+-----
Armour         | 2 3 4 |  4.4
Axes           | 2 3 4 |  4.4
Fighting       | 4 |  4.6
Invocations    | 3 |  3.5
Dodging        | 1 |  1.0

Action                   |  1- 3 |  4- 6 |  7- 9 || total
-------------------------+-------+-------+-------++-------
Melee: Hand axe          |    98 |   150 |       ||   248
       War axe           |       |    65 |    63 ||   128
Invok: Depart the Abyss  |     1 |       |       ||     1
  Use: Scroll            |     8 |     2 |     2 ||    12
  Eat: Chunk             |     5 |    18 |     3 ||    26
Armor: Chain mail        |    61 |   128 |    26 ||   215
Dodge: Dodged            |    49 |   154 |    48 ||   251
